General information
- name: BNet
- type: Ladder 1vs1/FFA
- host: Battle.net
- saver: mondo.shaking
map: MeltingValley
- players: 2
- length: 08:27
- speed: Fast
- version: 1.24 W3XP
- replay type: Public
» download(21 KB)
Players
team 1 (loser)
Marginal-Alado (
orange | 37 APM | 310 actions | 08:25)
2 Demon Hunter
1 Mana Burn
1 Evasion
» actions
| Assign group hotkey | 11 | |
| Build / train | 32 | |
| Enter build submenu | 7 | |
| Enter hero's abilities submenu | 2 | |
| Remove unit from queue | 1 | |
| Right click | 138 | |
| Select / deselect | 73 | |
| Select group hotkey | 32 | |
| Use ability | 14 | |
310 total
» units
» upgrades
» buildings
| Altar of Elders | 1 | |
| Moon Well | 3 | |
| Ancient of War | 2 | |
| Hunter's Hall | 1 | |
| Tree of Ages | 1 | |
8 total
» build order
00:06 Altar of Elders
00:09 Moon Well
00:38 Ancient of War
01:19 Moon Well
02:18 Moon Well
02:41 Hunter's Hall
04:48 Ancient of War
05:33 Tree of Ages
team 2 (winner)
mondo.shaking (
red | 66 APM | 554 actions | 08:27)
2 Priestess of the Moon
1 Scout
1 Trueshot Aura
» actions
| Assign group hotkey | 25 | |
| Basic commands | 58 | |
| Build / train | 32 | |
| ESC pressed | 1 | |
| Enter build submenu | 11 | |
| Enter hero's abilities submenu | 2 | |
| Right click | 109 | |
| Select / deselect | 105 | |
| Select group hotkey | 187 | |
| Use ability | 24 | |
554 total
» units
| Wisp | 10 | |
| Archer | 6 | |
| Huntress | 5 | |
| Glaive Thrower | 1 | |
22 total
» upgrades
| Ultravision | 1 | |
| Backpack | 1 | |
| Strength of the Moon | 1 | |
| Moon Armor | 1 | |
4 total
» buildings
| Altar of Elders | 1 | |
| Moon Well | 4 | |
| Ancient of War | 1 | |
| Hunter's Hall | 1 | |
| Ancient of Wonders | 3 | |
| Tree of Ages | 1 | |
| Ancient Protector | 1 | |
12 total
» build order
00:11 Altar of Elders
00:17 Moon Well
00:27 Ancient of War
01:51 Moon Well
02:39 Hunter's Hall
02:53 Ancient of Wonders
03:31 Ancient of Wonders
04:13 Moon Well
04:28 Ancient of Wonders
05:02 Moon Well
06:07 Tree of Ages
06:48 Ancient Protector
» items
Chat log
(00:19 / All) Marginal-Alado: yo yo ma nigga